Map: 2000 애트모스피어 - 래더

Players

Cure - Winner!

  • Race: Terran Terran

Spirit

  • Race: Terran Terran

Event: IEM Katowice 2022

VOD

Have the link to the VOD?

Description

Time

  • Played on: Feb. 24, 2022, 7:11 a.m.
  • Length: 10:17

All games in this series

Show
View Real Time Build Order
Export as new Build Order

Cure Terran - Winner!

Build Orders: Reaper Expand 

Get SALT Encoding   

  12  0:00  SCV  
  13  0:12  SCV  
  14  0:17  Supply Depot  
  14  0:24  SCV  
  15  0:39  SCV  
  15  0:40  Barracks  
  15  0:42  Refinery  
  16  0:51  SCV  
  17  1:03  SCV  
  18  1:15  SCV  
  19  1:27  Reaper, Orbital Command  
  20  1:38  Command Center  
  20  1:47  Supply Depot  
  20  1:53  SCV  
  21  1:59  Marine  
  22  2:05  SCV  
  22  2:07  Factory  
  23  2:16  Bunker  
  23  2:17  SCV, Marine  
  25  2:23  Refinery  
  25  2:29  SCV  
  26  2:35  Barracks Reactor  
  26  2:41  SCV  
  27  2:50  Orbital Command  
  29  2:51  Hellion  
  29  2:53  SCV, Starport  
  30  3:00  Refinery  
  30  3:06  SCV  
  30  3:11  Marine x2  
  33  3:13  Factory Tech Lab  
  33  3:16  SCV  
  33  3:18  SCV  
  35  3:21  Supply Depot  
  35  3:29  SCV  
  35  3:30  SCV, Marine, Medivac  
  35  3:31  Marine  
  41  3:38  Cyclone  
  44  3:42  SCV x2  
  44  3:46  Supply Depot  
  46  3:48  Marine  
  46  3:49  Marine  
  46  3:54  SCV x2  
  50  4:01  Supply Depot  
  50  4:04  Starport Tech Lab  
  50  4:06  SCV  
  50  4:07  SCV  
  52  4:10  Marine x2  
  52  4:15  Siege Tank  
  57  4:19  SCV x2  
  57  4:20  Supply Depot  
  57  4:22  Raven  
  61  4:31  SCV x2  
  63  4:41  Command Center  
  63  4:42  Marine x2  
  63  4:45  SCV x2  
  65  4:51  Siege Tank  
  68  4:53  Supply Depot  
  68  4:57  SCV x2, Refinery  
  70  5:05  Raven, Marine x2  
  74  5:09  SCV x2  
  76  5:21  SCV  
  76  5:22  SCV  
  76  5:23  Barracks  
  76  5:24  Barracks  
  76  5:25  Marine x2  
  76  5:26  Siege Tank  
  83  5:32  Engineering Bay x2  
  83  5:34  SCV x2  
  85  5:45  Supply Depot  
  85  5:46  SCV  
  86  5:52  SCV  
  87  5:59  Orbital Command  
  87  6:00  SCV  
  87  6:04  SCV, Marine  
  89  6:05  Siege Tank  
  89  6:06  Viking x2  
  89  6:09  Stimpack  
  89  6:11  Barracks Reactor  
  97  6:12  Barracks Reactor  
  97  6:17  SCV x2  
  99  6:21  Marine  
  99  6:23  Terran Infantry Weapons Level 1, Terran Infantry Armor Level 1  
  99  6:25  Orbital Command  
  100  6:26  Barracks  
  100  6:31  Barracks  
  100  6:33  SCV x2  
  100  6:35  Supply Depot  
  100  6:36  Supply Depot  
  100  6:39  Marine  
  103  6:42  Viking x2  
  103  6:43  Refinery  
  103  6:45  SCV x2  
  109  6:52  Siege Tank  
  109  6:53  Refinery  
  109  6:57  Marine x5  
  109  6:58  SCV x3  
  116  7:10  SCV x2  
  116  7:13  Supply Depot x2  
  116  7:14  Marine x4  
  116  7:15  Marine  
  122  7:17  Viking  
  122  7:19  Viking  
  122  7:22  Barracks Reactor x2  
  116  7:30  Siege Tank  
  116  7:32  Marine x4  
  116  7:33  Marine  
  112  7:37  SCV  
  112  7:38  SCV  
  107  7:49  Combat Shield  
  107  7:50  Marine x5  
  110  7:52  Medivac  
  110  7:53  SCV  
  108  8:04  SCV, Orbital Command  
  108  8:05  SCV, Armory  
  105  8:08  Marine  
  107  8:16  Siege Tank  
  107  8:17  Refinery  
  107  8:19  Marine x4  
  114  8:26  Medivac  
  116  8:28  Medivac  
  116  8:32  SCV x2  
  116  8:34  Marine x2  
  120  8:35  Marine  
  121  8:43  Marine  
  121  8:47  SCV  
  123  8:49  Siege Tank  
  123  8:50  Refinery  
  125  8:58  SCV x2, Marine x2  
  125  8:59  SCV, Marine x4  
  123  9:10  SCV x2  
  123  9:11  SCV  
  125  9:17  Marine  
  125  9:18  Marine x5  
  125  9:21  Siege Tank  
  130  9:27  Marine x3  
  132  9:31  Medivac x2  
  132  9:34  SCV x3  
  132  9:35  Marine x2  
  141  9:39  Supply Depot, Marine  
  141  9:41  Marine x3  
  144  9:47  Marine x3  
  146  9:53  Marine x2  
  146  9:57  Marine  
  146  9:58  Marine  
Show
View Real Time Build Order
Export as new Build Order

Spirit Terran 

Build Orders:  

Get SALT Encoding   

  12  0:00  SCV  
  13  0:12  SCV  
  14  0:16  Supply Depot  
  14  0:24  SCV  
  15  0:38  SCV  
  15  0:40  Barracks  
  16  0:45  Refinery  
  16  0:50  SCV  
  16  0:55  Refinery  
  17  1:02  SCV  
  18  1:14  SCV  
  19  1:27  Reaper, Orbital Command  
  19  1:29  Supply Depot  
  20  1:43  Factory  
  20  1:53  SCV  
  21  1:59  Reaper  
  22  2:05  SCV  
  23  2:18  Command Center  
  23  2:19  SCV  
  24  2:27  Hellion  
  26  2:31  SCV  
  26  2:32  Barracks Reactor  
  27  2:40  Supply Depot  
  27  2:43  SCV  
  28  2:49  Hellion  
  30  2:51  Starport  
  30  2:55  SCV  
  31  3:08  SCV, Marine x2  
  31  3:11  Factory Tech Lab  
  34  3:20  SCV  
  34  3:25  Marine x2  
  37  3:30  Cyclone  
  37  3:31  Starport Tech Lab  
  37  3:33  Orbital Command  
  40  3:36  SCV  
  41  3:41  Refinery  
  41  3:47  Supply Depot, Marine  
  41  3:48  SCV  
  43  3:49  Marine  
  43  3:54  Raven  
  46  4:00  SCV x2  
  48  4:10  Supply Depot  
  48  4:11  Siege Tank  
  48  4:12  SCV  
  48  4:14  SCV  
  48  4:16  Marine  
  54  4:17  Marine  
  54  4:21  Supply Depot  
  55  4:27  SCV  
  55  4:30  SCV  
  57  4:34  Marine  
  57  4:35  Marine  
  57  4:37  Raven  
  61  4:39  SCV  
  61  4:44  SCV  
  63  4:46  Supply Depot  
  63  4:50  Siege Tank  
  67  4:57  Command Center  
  67  4:59  SCV  
  67  5:00  SCV  
  68  5:11  SCV  
  68  5:12  SCV  
  70  5:15  Refinery  
  70  5:16  Supply Depot  
  70  5:22  Siege Tank  
  70  5:23  SCV  
  70  5:24  SCV  
  75  5:30  Viking x2  
  75  5:31  Marine  
  75  5:35  SCV  
  81  5:38  SCV  
  82  5:47  SCV  
  82  5:49  Marine  
  84  5:51  SCV  
  84  5:53  Supply Depot  
  84  5:55  Supply Depot, Siege Tank  
  88  6:00  SCV, Viking x2  
  93  6:11  SCV, Orbital Command  
  93  6:12  Stimpack  
  93  6:13  Marine  
  93  6:16  SCV  
  96  6:25  Barracks, Orbital Command  
  96  6:27  Barracks, SCV, Siege Tank  
  96  6:30  Viking x2  
  104  6:34  SCV  
  104  6:39  SCV  
  106  6:42  Engineering Bay x2  
  106  6:52  SCV  
  107  7:00  Viking x2  
  111  7:03  SCV  
  108  7:10  Siege Tank  
  108  7:12  Terran Infantry Weapons Level 1, Terran Infantry Armor Level 1  
  108  7:14  SCV x2  
  113  7:17  SCV  
  113  7:18  Marine  
  113  7:20  Marine x2  
  106  7:33  SCV  
  103  7:38  Marine  
  103  7:39  SCV  
  103  7:40  SCV  
  103  7:42  Viking  
  106  7:47  SCV  
  104  7:52  Barracks Reactor  
  104  7:53  Barracks Reactor  
  104  7:54  SCV  
  104  7:55  SCV  
  104  7:56  Marine  
  102  8:00  SCV  
  102  8:01  Barracks  
  102  8:02  Refinery  
  102  8:03  Barracks  
  93  8:06  SCV, Medivac  
  93  8:07  SCV  
  93  8:12  SCV, Medivac  
  97  8:14  Marine  
  97  8:18  SCV  
  97  8:19  SCV  
  99  8:21  Refinery x2, Sensor Tower  
  99  8:24  SCV  
  99  8:25  Supply Depot  
  100  8:30  SCV  
  100  8:31  Siege Tank  
  100  8:32  SCV, Marine  
  106  8:36  SCV  
  106  8:38  Marine x3  
  106  8:39  Marine  
  111  8:44  Missile Turret  
  112  8:49  Marine  
  98  8:55  Marine x3  
  98  8:56  Marine  
  98  8:59  Marine x2  
  81  9:03  Siege Tank  
  81  9:07  Marine  
  84  9:13  Marine x3  
  84  9:14  Orbital Command, Marine  
  84  9:16  Marine  
  87  9:17  Marine  
  87  9:25  Marine  
  85  9:31  Marine x3  
  85  9:32  Marine  
  85  9:34  Marine  
  85  9:35  Marine  
  91  9:43  Marine  
  89  9:49  Marine x3  
  89  9:50  SCV, Marine  
  89  9:52  Marine  
  94  9:53  Marine  
  94  10:05  Refinery  

Tags
 
Add a new tag
Caveats
  • Supply blocks, unpowered buildings, or Contaminate may cause inaccurate times.
  • Supply counts are checked every 10 seconds.